 Dungeon Crawl Stone Soup version 0.13-a0-1553-g7307ddf (webtiles) character file.

45 Kae the Vexing (level 2, 0/13 HPs)
             Began as a Spriggan Enchanter on June 10, 2013.
             Slain by a rat (3 damage)
             ... on Level 1 of the Dungeon.
             The game lasted 00:00:37 (266 turns).

Kae the Vexing (Spriggan Enchanter)                  Turns: 266, Time: 00:00:37

HP   0/13        AC  3     Str  4      XL: 2   Next:  0%
MP   6/6         EV 18     Int 16      God:
Gold 37          SH  0     Dex 16      Spells:  1 memorised,  2 levels left

Res.Fire  : . . .   See Invis. : +   a - +1 dagger {=f}
Res.Cold  : . . .   Warding    : .   b - +1 robe
Life Prot.: . . .   Conserve   : .   (shield restricted)
Res.Poison: .       Res.Corr.  : .   (helmet restricted)
Res.Elec. : .       Clarity    : .   (no cloak)
Sust.Abil.: . .     Spirit.Shd : .   (gloves unavailable)
Res.Mut.  : .       Stasis     : .   (boots unavailable)
Res.Rott. : .       Flight     : .   (no amulet)
Saprovore : . . .                    (no ring)
                                     (no ring)

@: very quick, slightly resistant to hostile enchantments, stealthy
A: unfitting armour, see invisible, herbivore 3, speed 3, slow metabolism 2
a: no special abilities


You were on level 1 of the Dungeon.
You were not hungry.

You visited 1 branch of the dungeon, and saw 1 of its levels.

You collected 17 gold pieces.

Inventory:

Hand weapons
 a - a +1,+1 dagger (weapon) {=f}
Missiles
 d - 5 darts (quivered)
Armour
 b - a +1 robe (worn)
 n - a +0 cloak
Comestibles
 m - an apple
Scrolls
 f - a scroll of fog {unknown}
 h - 3 scrolls of remove curse {unknown}
 j - a scroll of amnesia {unknown}
 k - a scroll of identify {unknown}
Potions
 e - a potion of porridge
 g - a potion of curing {unknown}
 i - a potion of resistance {unknown}
 l - 2 potions of speed {unknown}
Books
 c - a book of Maledictions

   Spells                             Type                      Level
   *Corona                            Hexes                        1
   Sure Blade                         Hexes/Charms                 2
   Ensorcelled Hibernation            Hexes/Ice                    2
   Confuse                            Hexes                        3
   Enslavement                        Hexes                        4
   Invisibility                       Hexes                        6


   Skills:
 * Level 1.4 Short Blades
 - Level 1.1 Throwing
 + Level 3.3 Dodging
 + Level 3.2 Stealth
 + Level 1.4 Spellcasting
 + Level 3.7 Hexes


You had 2 spell levels left.
You knew the following spells:

 Your Spells              Type           Power        Failure   Level  Hunger
a - Corona                Hex            ##.....      6%          1    ##.....


Dungeon Overview and Level Annotations

Branches:
Dungeon (1/27)

Altars:


Innate Abilities, Weirdness & Mutations

You are tiny and cannot use many weapons and most armour.
You have supernaturally acute eyesight.
You are a herbivore.
You cover ground extremely quickly.
You need consume almost no food.


Message History

Press: ? - help, Shift-Dir - straight line, f/p - giant cockroach
Aim: a giant cockroach (moderately wounded)
You throw a dart. The dart hits the giant cockroach.
The giant cockroach is moderately wounded.
Found 6 stones.
Throwing (i - inventory):
d - 7 darts (quivered)
Press: ? - help, Shift-Dir - straight line, f/p - giant cockroach
Aim: a giant cockroach (moderately wounded)
You throw a dart. The dart hits the giant cockroach.
The giant cockroach is heavily wounded.
Throwing (i - inventory):
d - 6 darts (quivered)
Press: ? - help, Shift-Dir - straight line, f/p - giant cockroach
Aim: a giant cockroach (moderately wounded)
You throw a dart. The dart hits the giant cockroach.
The giant cockroach is moderately wounded.
The rat misses you.
You hit the rat.
The rat is moderately wounded.
The rat bites you.
You die...

### #.. ... #.# .. #....#
#.# .##### ....# #.#
#.##... #...###.###...#...
####.....#...........######
..........................
#.......@s.........).....
#?..(..r.#....####.......
###.....##.#(####...####
#)######.#.##.....# #(#
#.#.##...#.#### #.#
#.............. #.#
#...######[####
#.######...# #....###
#...##..(..# #......##


You could see a giant cockroach and a rat.

Vanquished Creatures
  3 goblins (D:1)
  A hobgoblin (D:1)
  3 kobolds (D:1)
7 creatures vanquished.

Notes
Turn   | Place    | Note
--------------------------------------------------------------
     0 | D:1      | Kae, the Spriggan Enchanter, began the quest for the Orb.
     0 | D:1      | Reached XP level 1. HP: 9/9 MP: 4/4
   226 | D:1      | Reached XP level 2. HP: 2/13 MP: 6/6
   266 | D:1      | Slain by a rat

Action                   || total
-------------------------++-------
Melee: Dagger            ||    19
Throw: Dart              ||     7
 Stab: Sleeping          ||     2
